 Dungeon Crawl Stone Soup version 0.28-a0-925-gd5e1996cdb (webtiles) character file.

Game seed: 12064448195636453956

201 ytrimaz the Conjurer (level 5, 0/35 HPs)
             Began as a Demonspawn Conjurer on Nov 24, 2021.
             Slain by an ufetubus (4 damage)
             ... on level 6 of the Dungeon on Nov 26, 2021.
             The game lasted 00:05:10 (3778 turns).

ytrimaz the Conjurer (Demonspawn Conjurer)          Turns: 3778, Time: 00:05:11

Health: 0/35       AC:  3    Str:  7    XL:     5   Next: 50%
Magic:  10/10      EV: 12    Int: 20    God:
Gold:   91         SH:  0    Dex: 12    Spells: 10/11 levels left

rFire   . . .      SeeInvis .   g - +1 dagger (venom)
rCold   . . .      Faith    .   (no shield)
rNeg    . . .      Spirit   .   a - +0 robe
rPois   .          Reflect  .   (helmet restricted)
rElec   .          Harm     .   l - +0 cloak
rCorr   .          Rampage  .   (no gloves)
Will    .....                   (no boots)
Stlth   ++........              (no amulet)
HPRegen 0.11/turn               (no ring)
MPRegen 0.12/turn               (no ring)

@: mighty
A: horns 1, powered by pain 1
a: no special abilities


You were on level 6 of the Dungeon.
You visited 1 branch of the dungeon, and saw 5 of its levels.

You collected 91 gold pieces.

Inventory:

Hand Weapons
 g - a +1 dagger of venom (weapon)
Armour
 a - a +0 robe (worn)
 l - a +0 cloak (worn)
Magical Staves
 h - a staff of earth
Scrolls
 b - a scroll of brand weapon
 j - a scroll of fog
Potions
 d - 2 potions of degeneration {unknown}
 e - a potion of cancellation {unknown}
 f - a potion of flight {unknown}
 i - 2 potions of attraction {unknown}


   Skills:
 + Level 2.3 Dodging
 - Level 1.7 Stealth
 * Level 3.7 Spellcasting
 + Level 5.5 Conjurations


You had 10 spell levels left.
You knew the following spells:

 Your Spells              Type           Power      Damage    Failure   Level
a - Magic Dart            Conj           100%       1d8       1%          1

Your spell library contained the following spells:

 Spells                   Type           Power      Damage    Failure   Level
 Searing Ray              Conj           50%        2d6       1%          2
 Dazzling Flash           Conj/Hex       28%        N/A       13%         3
 Fulminant Prism          Conj/Hex       7%         3d7       38%         4
 Iskenderun's Mystic Bla  Conj/Tloc      14%        2d5       38%         4


Dungeon Overview and Level Annotations

Branches:
Dungeon (4/15)
 Temple: D:4-7

Altars:

Shops:
D:3 ?

Annotations:
D:6 Grinder


Innate Abilities, Weirdness & Mutations

You have a pair of small horns on your head.
You sometimes gain a little power by taking damage.


Message History

You open the door.
There is an open door here.
You hear the slow hiss of an avalanche of sand nearby.
An ogre comes into view. It is wielding a +0 giant spiked club.
The magic dart hits the ogre.
The ogre is lightly wounded.
The ogre shouts!
The magic dart hits the ogre but does no damage.
The ogre is lightly wounded.
The ogre hits you with a +0 giant spiked club.
You barely miss the ogre.
The ogre is lightly wounded.
You barely miss the ogre.
The ogre is lightly wounded.
The ogre misses you.
You hit the ogre.
The ogre is poisoned.
The ogre is lightly wounded.
The ogre hits you with a +0 giant spiked club!!
Ouch! That really hurt!
* * * LOW HITPOINT WARNING * * *
You focus on the pain.
You feel very mighty all of a sudden.
You hit the ogre.
The ogre looks as sick as possible!
The ogre is moderately wounded.
The ogre completely misses you.
Unknown command.
Found a stone staircase leading up.
You are too injured to fight recklessly!
Unknown command.
An ufetubus comes into view.
Found a scroll of brand weapon.
The ufetubus hits you but does no damage.
The ufetubus barely misses you. The ufetubus hits you.
* * * LOW HITPOINT WARNING * * *
The ufetubus barely misses you. The ufetubus misses you.
The ufetubus closely misses you. The ufetubus hits you.
* * * LOW HITPOINT WARNING * * *
The ufetubus hits you.
You die...

#...#.###.###
....'........
....#.####### #.###.#
#.# #.# ####### #..
..###.....#####
#######...........#
#######.......O...#
......#........5@.#
#####.............#
#.#......<....#
#.........###.....#
#..##.##.......#....?
..
...##.#.##......### .
......#.##..#...#
.... ...........#
...# # #


You could see an ogre (very poisoned) and an ufetubus.

Vanquished Creatures
  A scorpion (D:4)
  An iguana (D:4)
  6 gnolls (D:3)
  A worm (D:3)
  A dart slug (D:1)
  2 orcs (D:3)
  6 bats
  5 endoplasms
  2 giant cockroaches (D:1)
  2 goblins
  3 hobgoblins
  6 jackals (D:1)
  6 quokkas
  4 ball pythons
  A frilled lizard (D:1)
  2 kobolds (D:1)
  5 rats
54 creatures vanquished.

Notes
Turn   | Place    | Note
-------+----------+-------------------------------------------
     0 | D:1      | ytrimaz the Demonspawn Conjurer began the quest for the
                  | Orb.
     0 | D:1      | Reached XP level 1. HP: 13/13 MP: 3/3
   312 | D:1      | Gained mutation: You sometimes gain a little power by
                  | taking damage. [demonic ancestry]
   312 | D:1      | Reached XP level 2. HP: 19/19 MP: 3/5
   788 | D:1      | Reached XP level 3. HP: 24/24 MP: 1/6
  1462 | D:2      | Found a faded altar of an unknown god.
  2094 | D:3      | Found Sarez's Magic Scroll Shoppe.
  2195 | D:3      | Reached skill level 5 in Conjurations
  2296 | D:3      | Reached XP level 4. HP: 30/30 MP: 3/8
  3054 | D:2      | Upgraded the game from 0.28-a0-909-g796cbd3a86 to
                  | 0.28-a0-925-gd5e1996cdb
  3498 | D:4      | Gained mutation: You have a pair of small horns on your
                  | head. [demonic ancestry]
  3498 | D:4      | Reached XP level 5. HP: 28/35 MP: 3/10
  3647 | D:4      | You fall into a shaft and drop 2 floors!
  3647 | D:6      | Noticed Grinder
  3759 | D:6      | Noticed an ogre
  3778 | D:6      | Slain by an ufetubus

Illustrated notes

Levels and vault maps discovered:
D:1:      wheals_arrival_shading, layout_loops_ring, minmay_box_of_dots
D:2:      layout_rooms, chequers_ecumenical_altar_simple
D:3:      layout_basic, serial_glass, glass_columns_a, glass_columns_a,
          glass_columns_b, glass_columns_b, glass_columns_b, glass_columns_b,
          serial_shops, shop
D:4:      layout_cave_pools, nicolae_wu_jian_immortal_techniques
D:6:      layout_basic, enter_ossuary_3, minmay_fire_ice_demons, uniq_grinder

Skill      XL: |  1  2  3  4 |
---------------+-------------+-----
Dodging        | 2 |  2.3
Conjurations   | 5 |  5.5
Spellcasting   | 3 |  3.7
Stealth        | |  1.7

Action                   |  1- 3 |  4- 6 || total
-------------------------+-------+-------++-------
Melee: Unarmed           |    32 |       ||    32
       Dagger            |    14 |    26 ||    40
 Cast: Magic Dart        |    68 |    44 ||   112
  Use: Scroll            |     6 |     2 ||     8
 Stab: Distracted        |     1 |       ||     1
Armor: Robe              |     5 |     2 ||     7
Dodge: Dodged            |    47 |    34 ||    81

Table legend: (Time is in decaauts)
 A = Elapsed time spent in this place.
 B = Non-inter-level travel time spent in this place.
 C = Inter-level travel time spent in this place.
 D = Time resting spent in this place.
 E = Time spent auto-exploring this place.
 F = Levels seen in this place.
 G = Mean time per level.
                   A        B        C        D        E       F      G
               +--------+--------+--------+--------+--------+-----+--------+
         Total |   3780 |   3676 |    104 |    481 |   2529 |   5 |  756.0 |
       Dungeon |   3780 |   3676 |    104 |    481 |   2529 |   5 |  756.0 |
               +--------+--------+--------+--------+--------+-----+--------+

Top non-repeatable levels by time:
     D:1: 1281 daAuts
     D:2: 1103 daAuts
     D:3: 1100 daAuts
     D:4: 163 daAuts
     D:6: 130 daAuts
